Map: Année zéro EC

Players

Heine - Winner!

  • Race: Zerg Zerg
  • Spawn Location: 1:00

IA (très facile)

  • Race: Protoss Protoss
  • Spawn Location: 11:00

VOD

Have the link to the VOD?

Description

Time

  • Played on: March 29, 2019, 6:56 p.m.
  • Length: 5:13
Show
View Real Time Build Order
Export as new Build Order

Heine Zerg - Winner!

Build Orders: Pool First 

Get SALT Encoding   

  12  0:02  Drone  
  13  0:13  Overlord  
  13  0:18  Drone  
  14  0:32  Drone x2  
  17  0:35  Drone  
  17  0:39  Extractor  
  16  0:46  Drone  
  17  0:54  Spawning Pool  
  16  0:57  Drone  
  17  1:08  Drone  
  18  1:32  Drone  
  19  1:35  Hatchery  
  18  1:41  Queen  
  18  1:45  Zergling x2  
  21  1:53  Overlord  
  21  1:59  Metabolic Boost  
  21  2:13  Roach Warren  
  20  2:19  Overlord  
  20  2:55  Roach x3  
  20  2:56  Roach x3  
  32  3:08  Roach  
  34  3:44  Zergling x2  
  34  3:45  Zergling x6  
  38  3:56  Ravager  
  38  3:57  Ravager  
  40  4:15  Zergling x8  
  44  4:19  Overlord x2  
Show
View Real Time Build Order
Export as new Build Order

IA (très facile) Protoss 

Build Orders:  

Get SALT Encoding   

  12  0:00  Probe  
  13  0:13  Probe  
  14  0:22  Pylon  
  14  0:37  Assimilator  
  14  0:42  Gateway  
  14  0:47  Pylon  
  14  1:14  Assimilator  
  14  1:25  Probe  
  14  1:30  Zealot  
  17  1:33  Probe  
  17  1:34  Cybernetics Core  
  18  1:41  Probe  
  19  1:51  Probe  
  20  2:00  Probe  
  21  2:08  Probe  
  21  2:10  Warp Gate  
  22  2:43  Stalker  
  24  4:34  Stalker  
  24  4:38  Pylon  
  20  4:50  Pylon  
  18  4:56  Probe  
  7  5:03  Zealot  
Tags
 
Matchup
PvZ
Opening
Pool First
Spawn Locations
Close Positions
Add a new tag
Caveats
  • Supply blocks, unpowered buildings, or Contaminate may cause inaccurate times.
  • Supply counts are checked every 10 seconds.